 Dungeon Crawl Stone Soup version 0.22.0 (webtiles) character file.

256 IcyTea the Cudgeler (level 5, -2/41 HPs)
             Began as a Demonspawn Wanderer on Aug 12, 2018.
             Was a Believer of Qazlal.
             Slain by Robin
             ... wielding a +2 short sword of electrocution
              (10 damage)
             ... on level 4 of the Dungeon.
             The game lasted 00:12:49 (4496 turns).

IcyTea the Cudgeler (Demonspawn Wanderer)           Turns: 4496, Time: 00:12:49

Health: -2/41      AC:  9    Str: 15    XL:     5   Next: 92%
Magic:  5/5        EV:  6    Int: 13    God:    Qazlal [**....]
Gold:   145        SH:  6    Dex: 11    Spells: 4/4 levels left

rFire    . . .     SeeInvis .   a - +3 flail
rCold    . . .     Gourm    .   d - +0 buckler
rNeg     . . .     Faith    .   m - +0 chain mail
rPois    .         Spirit   .   (no helmet)
rElec    .         Reflect  .   o - +0 cloak
rCorr    .         Harm     .   (no gloves)
MR       .....                  (no boots)
Stlth    ..........             k - amulet of magic regeneration
HPRegen  0.13/turn              y - ring of flight
MPRegen  0.34/turn              (no ring)

@: no status effects
A: claws 2, powered by pain 1
a: Upheaval, Renounce Religion, Evoke Flight


You were on level 4 of the Dungeon.
You worshipped Qazlal.
Qazlal was pleased with you.
You were near starving.

You visited 2 branches of the dungeon, and saw 5 of its levels.

You collected 145 gold pieces.

Inventory:

Hand Weapons
 a - a +3 flail (weapon)
 b - a +2 blowgun
Missiles
 c - a curare-tipped needle
 u - a throwing net
 x - 8 tomahawks (quivered)
 A - 17 poisoned needles
Armour
 d - a +0 buckler (worn)
 m - a +0 chain mail (worn)
 o - a +0 cloak (worn)
Jewellery
 k - an amulet of magic regeneration (around neck)
 y - a ring of flight (left claw)
Scrolls
 g - 2 scrolls of amnesia
 i - 7 scrolls of remove curse
 n - a scroll of magic mapping
 p - 4 scrolls of identify
 v - a scroll of teleportation
Potions
 e - a potion of heal wounds {unknown}
 h - 2 potions of curing
 l - a potion of might {unknown}
 q - a potion of degeneration {unknown}
 r - a potion of magic {unknown}
 s - a potion of cancellation {unknown}
 t - 2 potions of agility {unknown}
 w - a potion of ambrosia {unknown}
 z - a potion of brilliance {unknown}
Comestibles
 f - 6 rations


   Skills:
 - Level 3.0 Fighting
 + Level 5.4 Maces & Flails
 - Level 1.0 Throwing
 - Level 1.7 Armour
 - Level 1.0 Dodging
 - Level 1.0 Stealth
 - Level 1.0 Shields


You had 4 spell levels left.
You didn't know any spells.
Your spell library was empty.

Dungeon Overview and Level Annotations

Branches:
Dungeon (4/15)             Temple (1/1) D:4

Altars:
Ashenzari
Cheibriados
Dithmenos
Elyvilon
Fedhas
Gozag
Hepliaklqana
Kikubaaqudgha
Makhleb
Nemelex Xobeh
Okawaru
Qazlal
Ru
Sif Muna
Trog
Uskayaw
Vehumet
Wu Jian
Yredelemnul
Zin
The Shining One

Annotations:
D:4 Robin


Innate Abilities, Weirdness & Mutations

You have very sharp fingernails.
You sometimes gain a little power by taking damage.


Message History

You closely miss Robin. You block Robin's attack.
Your shield and chain mail prevent you from hitting Robin.
You block Robin's attack. Robin throws the goblin at you!
You closely miss the goblin. The goblin completely misses you.
Robin hits you but does no damage. The goblin hits you but does no damage.
You hit Robin but do no damage. The goblin closely misses you.
Robin hits you but does no damage.
You are electrocuted!
You sock Robin!
Robin is heavily wounded.
You block the goblin's attack.
Robin hits you with a short sword of electrocution.
You are electrocuted!
* * * LOW HITPOINT WARNING * * *
As you read the scroll of fear, it crumbles to dust.
You assume a fearsome visage.
Robin resists with some effort.
The goblin looks frightened! x2; The hobgoblin looks frightened! x2
The goblin looks frightened!
The adder skeleton is unaffected.
Robin hits you but does no damage.
You are electrocuted!
You die...

#.# #......# #.# #.####.#
#.##.. ..# #.####'##
#....# ..####.##....#
#....# # .......##....#
##....# .# .......##....#
...#.##.. ....)..##....#
#........
.####..##....######gg..#
.# #..##.....g.@gZ..g#
.####.....##########†.#
..................g...#
..........#######.g.....#
..........+ ....g.g#...#
#.........# #......#...#
#....[....# #....###...#
#.........# #.... ...#
#.........# #...# ...#


You could see Robin, a hobgoblin (fleeing), 3 goblins and an adder skeleton.

Vanquished Creatures
  An orc priest (D:3)
  A worker ant (D:4)
  A hound skeleton (D:4)
  8 adders
  A shadow imp (D:3)
  An adder skeleton (D:4)
  A worm (D:2)
  A dart slug (D:1)
  2 leopard geckos
  15 orcs
  6 bats
  7 giant cockroaches
  8 goblins
  9 hobgoblins
  2 jackals (D:3)
  10 kobolds
  A quokka (D:3)
  3 frilled lizards
  5 rats
83 creatures vanquished.

Notes
Turn   | Place    | Note
-------+----------+-------------------------------------------
     0 | D:1      | IcyTea the Demonspawn Wanderer began the quest for the Orb.
     0 | D:1      | IcyTea set off with: a curare-tipped needle, a +2 blowgun, a +0 mace, a +0 buckler, a +0 robe, a ration
     0 | D:1      | Reached XP level 1. HP: 18/18 MP: 1/1
   216 | D:1      | Gained mutation: You have sharp fingernails. [demonic ancestry]
   216 | D:1      | Reached XP level 2. HP: 13/24 MP: 2/2
   368 | D:1      | Reached skill level 2 in Maces & Flails
  1098 | D:2      | Gained mutation: You have very sharp fingernails. [demonic ancestry]
  1098 | D:2      | Reached XP level 3. HP: 29/29 MP: 3/3
  1260 | D:2      | Reached skill level 3 in Maces & Flails
  1326 | D:2      | Found a faded altar of an unknown god.
  1386 | D:2      | Became a worshipper of Qazlal Stormbringer
  1386 | D:2      | Reached * piety under Qazlal
  2028 | D:3      | Gained mutation: You sometimes gain a little power by taking damage. [demonic ancestry]
  2028 | D:3      | Reached XP level 4. HP: 31/35 MP: 4/4
  2358 | D:3      | Reached skill level 4 in Maces & Flails
  2501 | D:3      | Reached ** piety under Qazlal
  3051 | D:3      | Reached XP level 5. HP: 15/41 MP: 5/5
  3421 | D:3      | Reached skill level 5 in Maces & Flails
  4105 | D:4      | Found a staircase to the Ecumenical Temple.
  4111 | Temple   | Entered the Ecumenical Temple
  4484 | D:4      | Noticed Robin
  4496 | D:4      | Slain by Robin

Skill      XL: |  1  2  3  4  5 |
---------------+----------------+-----
Maces & Flails | 2 3 4 5 |  5.4
Fighting       | |  3.0
Throwing       | |  1.0
Armour         | |  1.7
Dodging        | |  1.0
Stealth        | |  1.0
Shields        | |  1.0

Action                   |  1- 3 |  4- 6 || total
-------------------------+-------+-------++-------
Melee: Mace              |   189 |   140 ||   329
       Flail             |       |    90 ||    90
Invok: Upheaval          |       |     1 ||     1
  Use: Scroll            |     4 |     4 ||     8
       Potion            |       |     1 ||     1
  Eat: Ration            |     1 |       ||     1
       Chunk             |       |     7 ||     7
Armor: Robe              |     5 |       ||     5
       Ring mail         |    10 |       ||    10
       Chain mail        |    78 |   129 ||   207
Dodge: Dodged            |   100 |    62 ||   162
Block: Buckler           |    41 |    63 ||   104
